Map: 레드쉬프트 - 래더

Players

TRUE - Winner!

  • Race: Zerg Zerg
  • Spawn Location: 7:00

drumhead

  • Race: Protoss Protoss
  • Spawn Location: 11:00

Event: WCS Austin 2018

VOD

Have the link to the VOD?

Description

Time

  • Played on: June 1, 2018, 1:25 p.m.
  • Length: 8:00

All games in this series

Show
View Real Time Build Order
Export as new Build Order

TRUE Zerg - Winner!

Build Orders: Hatch First 

Get SALT Encoding   

  12  0:00  Drone  
  13  0:08  Drone  
  14  0:32  Hatchery  
  13  0:35  Drone  
  14  0:44  Overlord  
  14  0:55  Extractor  
  14  0:56  Drone  
  15  1:03  Drone x2  
  17  1:12  Spawning Pool  
  17  1:16  Extractor  
  17  1:17  Drone  
  16  1:20  Drone  
  17  1:29  Drone  
  18  1:40  Drone  
  18  1:44  Drone  
  20  2:01  Zergling x2  
  21  2:08  Hatchery  
  21  2:09  Roach Warren  
  21  2:10  Drone  
  21  2:13  Drone  
  21  2:15  Drone  
  22  2:20  Drone  
  22  2:21  Drone  
  24  2:38  Overlord  
  24  2:49  Roach x2  
  28  2:57  Roach  
  30  3:01  Queen  
  30  3:05  Overlord  
  32  3:08  Ravager x2  
  34  3:15  Drone x2  
  36  3:31  Drone  
  36  3:32  Drone x4  
  41  3:38  Overlord  
  41  3:39  Drone  
  41  3:40  Drone  
  43  3:48  Overlord  
  43  3:49  Overlord  
  43  3:55  Overlord  
  43  3:59  Drone  
  43  4:00  Drone  
  45  4:05  Drone  
  46  4:13  Drone  
  46  4:14  Drone x3  
  46  4:15  Drone  
  51  4:19  Drone x2, Queen  
  51  4:20  Drone  
  56  4:24  Drone  
  56  4:25  Drone x2  
  56  4:29  Spore Crawler  
  58  4:42  Drone x3  
  61  4:48  Overlord  
  61  4:51  Drone x2  
  63  4:55  Queen  
  63  4:56  Metabolic Boost  
  63  5:03  Queen  
  63  5:05  Overlord x3  
  65  5:09  Evolution Chamber  
  65  5:10  Queen  
  67  5:14  Drone x5  
  67  5:17  Drone  
  72  5:22  Overlord  
  72  5:23  Zergling x2  
  72  5:27  Zergling x2  
  74  5:29  Hatchery, Zergling x2  
  74  5:30  Zergling x2  
  74  5:32  Queen  
  74  5:35  Overlord, Zerg Melee Weapons Level 1  
  77  5:37  Zergling x10  
  77  5:42  Zergling x4  
  84  5:45  Queen  
  84  5:47  Zergling x2  
  87  5:52  Zergling x4  
  87  5:53  Queen  
  87  5:55  Zergling x2  
  92  6:00  Zergling x2  
  92  6:02  Zergling x2  
  94  6:04  Overlord  
  94  6:05  Zergling x6, Extractor  
  94  6:08  Zergling x4  
  94  6:09  Zergling x2  
  99  6:12  Zergling x4  
  99  6:18  Queen  
  103  6:20  Overlord  
  103  6:23  Zergling x2  
  103  6:24  Zergling x2  
  105  6:26  Overlord  
  105  6:27  Zergling x4  
  105  6:28  Zergling x2  
  105  6:29  Lair, Queen  
  109  6:35  Zergling x6  
  109  6:36  Zergling x4  
  109  6:39  Zergling x4  
  116  6:46  Zergling x2  
  114  6:47  Zergling x2  
  114  6:48  Zergling x4  
  114  6:52  Queen  
  114  6:53  Drone x2  
  118  6:54  Zergling x4  
  118  6:55  Zergling x2  
  118  6:56  Zergling x2  
  118  6:57  Overlord  
  118  6:58  Baneling Nest  
  118  6:59  Zergling x2  
  122  7:02  Zergling x2  
  122  7:03  Zergling x6  
  122  7:04  Overlord  
  122  7:08  Zergling x2  
  127  7:09  Zergling x2  
  127  7:13  Zergling x2  
  127  7:14  Zergling x2  
  127  7:15  Zergling x2  
  129  7:20  Zergling x2  
  129  7:21  Zergling x2  
  128  7:26  Zergling x4  
  128  7:27  Zergling x2  
  128  7:29  Zergling x2  
  130  7:30  Zergling x2  
  130  7:31  Zergling x2  
  130  7:32  Zergling x2  
  130  7:33  Zergling x10  
  131  7:38  Zergling x2  
  131  7:42  Zergling x2  
  116  7:59  Extractor  
Show
View Real Time Build Order
Export as new Build Order

drumhead Protoss 

Build Orders:  

Get SALT Encoding   

  12  0:01  Probe  
  13  0:13  Probe  
  14  0:18  Pylon  
  14  0:25  Probe  
  15  0:37  Probe  
  15  0:39  Gateway  
  16  0:46  Probe  
  17  0:50  Assimilator  
  17  0:55  Probe  
  18  1:04  Probe  
  18  1:10  Forge  
  19  1:16  Zealot, Probe  
  22  1:33  Pylon  
  22  1:35  Probe  
  23  1:51  Probe, Photon Cannon  
  23  1:53  Photon Cannon  
  24  1:54  Pylon  
  24  2:07  Photon Cannon  
  24  2:10  Probe  
  25  2:24  Nexus  
  25  2:34  Cybernetics Core  
  25  2:40  Assimilator  
  25  2:41  Probe  
  26  2:51  Pylon  
  26  2:53  Probe  
  27  3:00  Stalker  
  27  3:05  Probe  
  28  3:12  Warp Gate  
  30  3:17  Probe  
  30  3:29  Probe  
  31  3:36  Stargate  
  31  3:37  Probe  
  32  3:41  Probe  
  33  3:49  Probe  
  33  3:52  Pylon  
  33  3:54  Probe  
  35  4:01  Probe  
  36  4:05  Void Ray  
  37  4:27  Robotics Facility  
  37  4:43  Probe  
  38  4:47  Probe  
  38  4:50  Twilight Council  
  37  4:56  Probe  
  38  5:02  Probe  
  39  5:07  Charge  
  39  5:08  Probe  
  40  5:14  Probe  
  40  5:19  Void Ray  
  40  5:20  Gateway  
  45  5:22  Gateway  
  45  5:25  Warp Prism  
  45  5:27  Probe  
  48  5:30  Shield Battery  
  48  5:32  Pylon  
  48  5:41  Gateway  
  42  5:53  Probe  
  43  5:59  Gateway  
  43  6:03  Gateway  
  43  6:05  Gateway, Probe  
  44  6:20  Probe  
  45  6:30  Probe  
  42  6:43  Probe  
  42  6:46  Nexus  
  41  6:48  Pylon  
  41  6:50  Zealot x2  
  41  6:51  Zealot  
  41  6:52  Probe  
  48  6:57  Probe  
  49  7:04  Probe  
  49  7:05  Zealot x2  
  53  7:15  Sentry  
  55  7:16  Zealot x2  
  55  7:22  Zealot x2  
  57  7:32  Zealot x2  
  57  7:36  Sentry  
  49  7:46  Zealot x3  
  49  7:47  Zealot  
  51  7:53  Zealot  
  51  7:54  Zealot  
Tags
 
Add a new tag
Caveats
  • Supply blocks, unpowered buildings, or Contaminate may cause inaccurate times.
  • Supply counts are checked every 10 seconds.